 Dungeon Crawl Stone Soup version 0.25-a0-521-gb5d5f98535 (webtiles) character file.

Game seed: 8104325282706768191, levelgen mode: deterministic

5 Gargoyl the Skirmisher (level 1, -4/19 HPs)
             Began as a Centaur Abyssal Knight on Feb 18, 2020.
             Was a Follower of Lugonu.
             Slain by a thrashing horror (12 damage)
             ... on level 2 of the Abyss.
             The game lasted 00:00:21 (91 turns).

Gargoyl the Skirmisher (Centaur Abyssal Knight)       Turns: 91, Time: 00:00:21

Health: -4/19      AC:  4    Str: 14    XL:     1   Next: 66%
Magic:  2/2        EV:  9    Int: 11    God:    Lugonu [*.....]
Gold:   167        SH:  0    Dex:  8    Spells: 0/0 levels left

rFire    + . .     SeeInvis .   a - +1 hand axe
rCold    x . .     Gourm    .   (no shield)
rNeg     . . .     Faith    .   b - +0 leather armour
rPois    .         Spirit   .   (no helmet)
rElec    .         Reflect  .   (no cloak)
rCorr    .         Harm     .   (no gloves)
MR       .....                  (no barding)
Stlth    ..........             (no amulet)
HPRegen  0.06/turn              d - ring of fire
MPRegen  0.08/turn              (no ring)

@: very quick
A: large, hooves 3, deformed body, speed 2, tough skin 3
a: Depart the Abyss, Renounce Religion


You were on level 2 of the Abyss.
You worshipped Lugonu.
Lugonu was aware of your devotion.
You were not hungry.

You visited 0 branches of the dungeon, and saw 0 of its levels.
You visited the Abyss 1 time.

You collected 167 gold pieces.

Inventory:

Hand Weapons
 a - a +1 hand axe (weapon)
Armour
 b - a +0 leather armour (worn)
Jewellery
 d - a ring of fire (left hand)
Comestibles
 c - 2 rations


   Skills:
 + Level 3.4 Fighting
 + Level 1.7 Axes
 + Level 1.3 Armour
 + Level 0.6 Dodging
 + Level 2.0 Invocations


You couldn't memorise any spells.
You didn't know any spells.
Your spell library was empty.

Dungeon Overview and Level Annotations

Branches:
Dungeon (0/15)

Altars:


Innate Abilities, Weirdness & Mutations

You have hooves in place of feet.
Armour fits poorly on your strangely shaped body.
You cover ground very quickly.
You have extremely tough skin. (AC +3)


Message History

You now have 82 gold pieces (gained 22).
Found a gateway leading out of the Abyss.
Found a corrupted altar of Lugonu.
You now have 94 gold pieces (gained 12).
You now have 131 gold pieces (gained 37).
d - an iron ring You now have 167 gold pieces (gained 36).
e - a scroll labeled POUMEF ZOAT A thrashing horror coalesces out of seething chaos.
The thrashing horror roars!
You feel more attuned to fire.
d - a ring of fire (left hand)
As you read the scroll labeled POUMEF ZOAT, it crumbles to dust.
The air around you briefly surges with heat, but it dissipates.
It was a scroll of immolation.
The thrashing horror tramples you.
You hold your ground!
The thrashing horror tramples you!
You hold your ground!
A thrashing horror is nearby!
You barely miss the thrashing horror. The thrashing horror tramples you!
Ouch! That really hurt!
You die...

. . . ## .. .. ..
#.. #.. ##.# # ####
.. ..#....#.
#.X##.# #....#.
##.##@.# ......#
####..##.##
..#..........##.#
.. .##§§X####...
.......#.. . ...
.#..#...#....##.#..
.####...#.......#..
##.#...
...###..#.#. ..._ .
.. .. #.#


You could see a thrashing horror.

Vanquished Creatures
  An ufetubus (Abyss:1)
1 creature vanquished.

Notes
Turn   | Place    | Note
-------+----------+-------------------------------------------
     0 | Abyss:1  | Gargoyl the Centaur Abyssal Knight began the quest for the
                  | Orb.
     0 | Abyss:1  | Reached XP level 1. HP: 19/19 MP: 2/2
    34 | Abyss:1  | Noticed an orange demon
    58 | Abyss:2  | Found a corrupted altar of Lugonu.
    86 | Abyss:2  | Noticed a thrashing horror
    91 | Abyss:2  | Slain by a thrashing horror

Levels and vault maps discovered:
Abyss:2:  minivault_22

Action                   || total
-------------------------++-------
Melee: Hand axe          ||     4
  Use: Scroll            ||     1
Armor: Leather armour    ||     1
Dodge: Dodged            ||     5

Table legend:
 A = Non-vault XP
 B = Vault XP
 C = Vault XP percentage of total XP
 D = Non-vault monster count
 E = Vault monster count
 F = Vault count percentage of total count
                 A         B        C        D         E       F
            +---------+---------+-------+---------+---------+-------
      Total |       8 |       0 |   0.0 |       1 |       0 |   0.0
            +---------+---------+-------+---------+---------+-------
    Abyss:1 |       8 |       0 |   0.0 |       1 |       0 |   0.0
            +---------+---------+-------+---------+---------+-------
